 Dungeon Crawl Stone Soup version 0.26.0-20-g3ca415f5b8 (webtiles) character file.

Game seed: 10497011483163855406

27 iamoutofideas the Firebug (level 2, 0/19 HPs)
             Began as a Demonspawn Fire Elementalist on Jan 24, 2021.
             Succumbed to an adder's poison
             ... on level 2 of the Dungeon.
             The game lasted 00:02:37 (982 turns).

iamoutofideas the Firebug (DsFE)                     Turns: 982, Time: 00:02:37

Health: 0/19       AC:  2    Str:  8    XL:     2   Next: 93%
Magic:  1/5        EV: 12    Int: 16    God:
Gold:   83         SH:  0    Dex: 13    Spells: 4/5 levels left

rFire    . . .     SeeInvis .   (no weapon)
rCold    . . .     Faith    .   (no shield)
rNeg     . . .     Spirit   .   a - +0 robe
rPois    .         Reflect  .   (no helmet)
rElec    .         Harm     .   (no cloak)
rCorr    .         Rampage  .   (no gloves)
Will     .....                  (no boots)
Stlth    ++........             (no amulet)
HPRegen  0.06/turn              (no ring)
MPRegen  0.09/turn              (no ring)

@: lethally poisoned (0 -> -3)
A: talons 1
a: no special abilities


You were on level 2 of the Dungeon.
You visited 1 branch of the dungeon, and saw 2 of its levels.

You collected 83 gold pieces.

Inventory:

Armour
 a - a +0 robe (worn)
Scrolls
 b - a scroll of identify
 c - a scroll of noise {unknown}
 d - a scroll of enchant armour {unknown}
Potions
 e - a potion of attraction {unknown}
 f - 2 potions of curing
 g - a potion of resistance {unknown}
 h - a potion of cancellation {unknown}


   Skills:
 + Level 2.0 Dodging
 + Level 1.8 Stealth
 + Level 2.1 Spellcasting
 + Level 1.0 Conjurations
 + Level 3.4 Fire Magic


You had 4 spell levels left.
You knew the following spells:

 Your Spells              Type           Power        Failure   Level
a - Foxfire               Conj/Fire      36%          9%          1

Your spell library contained the following spells:

 Spells                   Type           Power        Failure   Level
 Conjure Flame            Conj/Fire      9%           24%         3
 Inner Flame              Hex/Fire       7%           30%         3
 Sticky Flame             Conj/Fire      9%           63%         4
 Fireball                 Conj/Fire      4%           92%         5


Dungeon Overview and Level Annotations

Branches:
Dungeon (2/15)

Altars:


Innate Abilities, Weirdness & Mutations

You have sharp toenails.


Message History

The adder bites you.
The foxfire hits the bat.
The bat is severely wounded.
The goblin hits you but does no damage.
The foxfire hits the adder.
You kill the adder!
The bat barely misses you.
A ball python comes into view.
You feel sick. The bat barely misses you. The goblin hits you with a +0 dagger.
* * * LOW HITPOINT WARNING * * *
You barely miss the bat. You claw the bat.
You kill the bat!
The goblin closely misses you. The goblin hits you but does no damage.
Things that are here:
a +0 dagger; 13 gold pieces
* * * LOW HITPOINT WARNING * * *
You feel sick.
Unknown command.
You die...

#####+### #. ....... #.
...... #. .... #. ... #.
#.#### #.#######....# .
#.......#....# ...
###########..@.g..)...#.....
.......<..........†.........
..........#........###......
..........#........# ......
..........#.......## .....
..........#.......# ....
..........#.......# ....
###########.......# .
#.......#


You could see a goblin.

Vanquished Creatures
  An adder (D:2)
  2 dart slugs (D:1)
  2 bats
  2 giant cockroaches
  3 goblins
  A kobold (D:1)
  A frilled lizard (D:2)
  3 rats (D:1)
15 creatures vanquished.

Vanquished Creatures (others)
  32 foxfires
32 creatures vanquished.

Grand Total: 47 creatures vanquished

Notes
Turn   | Place    | Note
-------+----------+-------------------------------------------
     0 | D:1      | iamoutofideas the Demonspawn Fire Elementalist began the
                  | quest for the Orb.
     0 | D:1      | Reached XP level 1. HP: 13/13 MP: 3/3
   292 | D:1      | Reached skill level 3 in Fire Magic
   461 | D:1      | Gained mutation: You have sharp toenails. [demonic
                  | ancestry]
   461 | D:1      | Reached XP level 2. HP: 19/19 MP: 0/5
   982 | D:2      | Succumbed to an adder's poison

Illustrated notes

Levels and vault maps discovered:
D:1:      minmay_arrival_hallway, layout_loops_cross
D:2:      layout_basic, nemelex_xobeh_ov_fountains_minmay, minmay_liquid_box

Skill      XL: |  1  2 |
---------------+-------+-----
Fire Magic     | 3 |  3.4
Dodging        | 2 |  2.0
Stealth        | |  1.8
Spellcasting   | |  2.1
Conjurations   | |  1.0

Action                   || total
-------------------------++-------
Melee: Unarmed           ||    15
       Kick              ||     3
 Cast: Foxfire           ||    24
  Use: Scroll            ||     1
Armor: Robe              ||     8
Dodge: Dodged            ||    23
